AA CENTRAL
SAN ANTONIO MISSIONS @ SPRINGFIELD CARDINALS
09/02/2041
 
TOP OF THE 1ST
San Antonio Missions batting - Pitching for Springfield Cardinals : RHP Daniel Montalvo
Pitching: RHP Daniel Montalvo
Batting: LHB José Lucero 0-0: Foul Ball, location: 2F
0-1: Ball
1-1: Ball
2-1: Called Strike
2-2: Ball
3-2: Strikes out swinging
Batting: RHB Sergio Bautista 0-0: Called Strike
0-1: Ball
1-1: Swinging Strike
1-2: Strikes out looking
Batting: LHB Edwin Curtis 0-0: Ball
1-0: Ground out 3-1 (Groundball, 34, EV 95.0 MPH)
Top of the 1st over - 0 runs, 0 hits, 0 errors, 0 left on base; San Antonio 0 - Springfield 0
BOTTOM OF THE 1ST
Springfield Cardinals batting - Pitching for San Antonio Missions : LHP Chris Battle
Pitching: LHP Chris Battle
Batting: RHB Mende Dodwell 0-0: Foul Ball, location: 9LDF
0-1: SOLO HOME RUN (Flyball, 9D, EV 106.3 MPH), Distance : 388 ft
Batting: LHB José Baca 0-0: Called Strike
0-1: Ball
1-1: Ball
2-1: Ground out 3-1 (Groundball, 34, EV 86.3 MPH)
Batting: RHB Ronnie Watson 0-0: Ball
1-0: Ball
2-0: Called Strike
2-1: Ball
3-1: Base on Balls
Batting: LHB Alex Wood 0-0: Ball
1-0: Called Strike
Ronnie Watson steals 2nd base
1-1: DOUBLE (Line Drive, 9LM, EV 98.8 MPH)
Ronnie Watson scores
Batting: RHB Tony Vance 0-0: Ball
1-0: Ball
2-0: Called Strike
2-1: Ball
3-1: Ground out 5-3 (Groundball, 5, EV 101.3 MPH)
Batting: LHB Wilson Dampos 0-0: DOUBLE (Line Drive, 7LS, EV 100.6 MPH)
Alex Wood scores
Batting: RHB Dusty Robinson 0-0: Called Strike
0-1: Ground out 6-3 (Groundball, 6, EV 98.1 MPH)
Bottom of the 1st over - 3 runs, 3 hits, 0 errors, 1 left on base; San Antonio 0 - Springfield 3
TOP OF THE 2ND
San Antonio Missions batting - Pitching for Springfield Cardinals : RHP Daniel Montalvo
Batting: RHB Luis Miguel Ortíz 0-0: Called Strike
0-1: Ball
1-1: Foul Ball, location: 2F
1-2: Strikes out looking
Batting: RHB Tim James 0-0: Ball
1-0: Ball
2-0: Foul Ball, location: 2F
2-1: Ball
3-1: Base on Balls
Batting: LHB Greg Greene 0-0: Fly out, F8 (Flyball, 8RD, EV 88.8 MPH)
Batting: SHB Ignacio Archuleta 0-0: Ball
Tim James is caught stealing 2nd base 2-6
Top of the 2nd over - 0 runs, 0 hits, 0 errors, 0 left on base; San Antonio 0 - Springfield 3
BOTTOM OF THE 2ND
Springfield Cardinals batting - Pitching for San Antonio Missions : LHP Chris Battle
Batting: RHB Raúl Mora 0-0: Ball
1-0: Called Strike
1-1: Foul Ball, location: 25F
1-2: Ball
2-2: Ball
3-2: Strikes out swinging
Batting: RHB Cris Castro 0-0: Ball
1-0: Foul Ball, location: 9LMF
1-1: Foul Ball, location: 9LMF
1-2: Foul Ball, location: 2RF
1-2: Ground out 3-1 (Groundball, 34, EV 90.0 MPH)
Batting: RHB Mende Dodwell 0-0: Ball
1-0: Called Strike
1-1: Ground out 3-1 (Groundball, 34, EV 98.1 MPH)
Bottom of the 2nd over - 0 runs, 0 hits, 0 errors, 0 left on base; San Antonio 0 - Springfield 3
TOP OF THE 3RD
San Antonio Missions batting - Pitching for Springfield Cardinals : RHP Daniel Montalvo
Batting: SHB Ignacio Archuleta 0-0: Ball
1-0: Ball
2-0: SOLO HOME RUN (Flyball, 7LD, EV 94.4 MPH), Distance : 348 ft
Batting: RHB John Howatt 0-0: Foul Ball, location: 2F
0-1: Swinging Strike
0-2: Foul Ball, location: 25F
0-2: Strikes out looking
Batting: RHB Víctor Árias 0-0: Called Strike
0-1: Called Strike
0-2: Ball
1-2: Fly out, F8 (Flyball, 89S, EV 91.9 MPH)
Batting: LHB José Lucero 0-0: Called Strike
0-1: Ball
1-1: Fly out, F6 (Line Drive, 6M, EV 65.6 MPH)
Top of the 3rd over - 1 run, 1 hit, 0 errors, 0 left on base; San Antonio 1 - Springfield 3
BOTTOM OF THE 3RD
Springfield Cardinals batting - Pitching for San Antonio Missions : LHP Chris Battle
Batting: LHB José Baca 0-0: Called Strike
0-1: Ball
1-1: SINGLE (Groundball, 3D, EV 102.5 MPH)
Batting: RHB Ronnie Watson 0-0: Ball
1-0: Foul Ball, location: 25F
1-1: Ball
2-1: SINGLE (Groundball, 4D, EV 98.1 MPH)
José Baca to second
Runner from 2nd tries for 3rd, OUT! 8-5
Now at 3B: Luis Vázquez
Batting: LHB Alex Wood 0-0: Foul Ball, location: 25FF
0-1: Ball
1-1: Ball
2-1: Called Strike
2-2: Foul Ball, location: 2F
2-2: Fly out, F7 (Flyball, 78S, EV 79.4 MPH)
Batting: RHB Tony Vance 0-0: Ball
1-0: Foul Ball, location: 25FF
1-1: Ball
2-1: Swinging Strike
2-2: Strikes out swinging
Bottom of the 3rd over - 0 runs, 2 hits, 0 errors, 1 left on base; San Antonio 1 - Springfield 3
TOP OF THE 4TH
San Antonio Missions batting - Pitching for Springfield Cardinals : RHP Daniel Montalvo
Batting: RHB Sergio Bautista 0-0: Ball
1-0: Ball
2-0: Called Strike
2-1: Ball
3-1: Called Strike
3-2: Strikes out swinging
Batting: LHB Edwin Curtis 0-0: Ball
1-0: Ball
2-0: Ball
3-0: Called Strike
3-1: DOUBLE (Line Drive, 7LS, EV 108.1 MPH)
Batting: RHB Luis Vázquez 0-0: Foul Ball, location: 2F
0-1: DOUBLE (Line Drive, 5D, EV 100.0 MPH)
Edwin Curtis scores
Batting: RHB Tim James 0-0: Swinging Strike
0-1: Ball
1-1: Swinging Strike
1-2: Ball
2-2: Strikes out swinging
Batting: LHB Greg Greene 0-0: Called Strike
0-1: SINGLE (Flyball, 89S, EV 89.4 MPH)
Luis Vázquez to third
Runner from 3rd tries for Home, SAFE, throw by RF to home
Batting: SHB Ignacio Archuleta 0-0: Called Strike
0-1: 2-RUN HOME RUN (Flyball, 7D, EV 100.0 MPH), Distance : 385 ft
Pitching: LHP Jorge Torrez
Batting: RHB John Howatt 0-0: Fly out, F9 (Flyball, 9, EV 90.6 MPH)
Top of the 4th over - 4 runs, 4 hits, 0 errors, 0 left on base; San Antonio 5 - Springfield 3
BOTTOM OF THE 4TH
Springfield Cardinals batting - Pitching for San Antonio Missions : LHP Chris Battle
Batting: LHB Wilson Dampos 0-0: Fly out, F7 (Flyball, 78M, EV 83.1 MPH)
Batting: RHB Dusty Robinson 0-0: Ball
1-0: Ball
2-0: Ground out 6-3 (Groundball, 56, EV 103.8 MPH)
Batting: RHB Raúl Mora 0-0: Foul Ball, location: 2F
0-1: Ball
1-1: Ball
2-1: Ball
3-1: Base on Balls
Batting: RHB Cris Castro 0-0: Ball
1-0: Ball
2-0: Called Strike
2-1: Swinging Strike
2-2: Strikes out swinging
Bottom of the 4th over - 0 runs, 0 hits, 0 errors, 1 left on base; San Antonio 5 - Springfield 3
TOP OF THE 5TH
San Antonio Missions batting - Pitching for Springfield Cardinals : LHP Jorge Torrez
Batting: RHB Víctor Árias 0-0: Foul Ball, location: 25F
0-1: Ball
1-1: Swinging Strike
1-2: DOUBLE (Line Drive, 3D, EV 95.0 MPH)
Batting: LHB José Lucero 0-0: Ball
1-0: Ball
2-0: Ball
3-0: Called Strike
3-1: SINGLE (Groundball, 4MS, EV 71.9 MPH) (infield hit)
Víctor Árias to third
Batting: RHB Sergio Bautista 0-0: Called Strike
0-1: Ball
1-1: Called Strike
José Lucero is caught stealing 2nd base 2-4
1-2: Ground out 5-3 (Groundball, 25, EV 65.6 MPH)
Batting: LHB Edwin Curtis 0-0: Ball
1-0: Called Strike
1-1: Ground out 4-3 (Groundball, 4, EV 89.4 MPH)
Top of the 5th over - 0 runs, 2 hits, 0 errors, 1 left on base; San Antonio 5 - Springfield 3
BOTTOM OF THE 5TH
Springfield Cardinals batting - Pitching for San Antonio Missions : LHP Chris Battle
Batting: RHB Mende Dodwell 0-0: Ground out 3-1 (Groundball, 34S, EV 89.4 MPH)
Batting: LHB José Baca 0-0: Fly out, F4 (Line Drive, 4, EV 68.8 MPH)
Batting: RHB Ronnie Watson 0-0: Ball
1-0: Ball
2-0: Ball
3-0: Called Strike
3-1: Foul Ball, location: 9LMF
3-2: SINGLE (Groundball, 4MD, EV 97.5 MPH)
Batting: LHB Alex Wood 0-0: Ball
1-0: Ground out U3 (Groundball, 3L, EV 96.3 MPH)
Bottom of the 5th over - 0 runs, 1 hit, 0 errors, 1 left on base; San Antonio 5 - Springfield 3
TOP OF THE 6TH
San Antonio Missions batting - Pitching for Springfield Cardinals : LHP Jorge Torrez
Batting: RHB Luis Vázquez 0-0: Ball
1-0: Fly out, F4 (Line Drive, 4M, EV 65.0 MPH)
Batting: RHB Tim James 0-0: Ball
1-0: Ground out 1-3 (Groundball, 13S, EV 71.3 MPH)
Batting: LHB Greg Greene 0-0: Called Strike
0-1: Ball
1-1: Ball
2-1: Swinging Strike
2-2: Foul Ball, location: 5F
2-2: Ball
3-2: Ground out 4-3 (Groundball, 4S, EV 78.8 MPH)
Top of the 6th over - 0 runs, 0 hits, 0 errors, 0 left on base; San Antonio 5 - Springfield 3
BOTTOM OF THE 6TH
Springfield Cardinals batting - Pitching for San Antonio Missions : LHP Chris Battle
Batting: RHB Tony Vance 0-0: Called Strike
0-1: Ball
1-1: Ground out 5-3 (Groundball, 56S, EV 81.9 MPH)
Batting: LHB Wilson Dampos 0-0: Foul Ball, location: 2F
0-1: SINGLE (Line Drive, 9S, EV 105.0 MPH)
Batting: RHB Dusty Robinson 0-0: Called Strike
0-1: Ball
1-1: Ground out U3 (Groundball, 34S, EV 86.3 MPH)
Wilson Dampos to second
Batting: RHB Raúl Mora 0-0: Called Strike
0-1: Ball
1-1: Called Strike
1-2: Fly out, F3 (Popup, 3SF, EV 84.4 MPH)
Bottom of the 6th over - 0 runs, 1 hit, 0 errors, 1 left on base; San Antonio 5 - Springfield 3
TOP OF THE 7TH
San Antonio Missions batting - Pitching for Springfield Cardinals : LHP Jorge Torrez
Batting: SHB Ignacio Archuleta 0-0: Ball
1-0: Foul Ball, location: 2F
1-1: Ball
2-1: Foul Ball, location: 9LMF
2-2: Ball
3-2: Base on Balls
Batting: RHB John Howatt 0-0: Swinging Strike
0-1: Swinging Strike
0-2: Ball
1-2: Ball
2-2: Foul Ball, location: 2F
2-2: Ball
3-2: Strikes out swinging
Batting: RHB Víctor Árias 0-0: Ball
1-0: Ball
2-0: Ground out 6-3 (Groundball, P, EV 85.6 MPH)
Ignacio Archuleta to second
Batting: LHB José Lucero 0-0: Called Strike
0-1: DOUBLE (Line Drive, 9LD, EV 110.6 MPH)
Ignacio Archuleta scores
Batting: RHB Sergio Bautista 0-0: Ball
1-0: Ball
2-0: Swinging Strike
2-1: Foul Ball, location: 2F
2-2: Ball
3-2: Strikes out swinging
Top of the 7th over - 1 run, 1 hit, 0 errors, 1 left on base; San Antonio 6 - Springfield 3
BOTTOM OF THE 7TH
Springfield Cardinals batting - Pitching for San Antonio Missions : LHP Chris Battle
Batting: RHB Cris Castro 0-0: Ball
1-0: Ball
2-0: Ball
3-0: Called Strike
3-1: Base on Balls
Batting: RHB Mende Dodwell 0-0: DOUBLE (Flyball, 8RXD, EV 108.8 MPH)
Cris Castro to third
Pinch Hitting: RHB Mike Lee 0-0: Called Strike
0-1: Ball
1-1: Ball
2-1: Swinging Strike
2-2: Strikes out looking
Batting: RHB Ronnie Watson 0-0: SINGLE (Line Drive, 7S, EV 89.4 MPH)
Cris Castro scores
Mende Dodwell to third
Pinch Hitting: RHB Jeff Lang 0-0: Called Strike
0-1: Ball
1-1: Called Strike
1-2: Ball
2-2: Strikes out swinging
Batting: RHB Tony Vance 0-0: Called Strike
0-1: Foul Ball, location: 2F
0-2: Strikes out swinging
Bottom of the 7th over - 1 run, 2 hits, 0 errors, 2 left on base; San Antonio 6 - Springfield 4
TOP OF THE 8TH
San Antonio Missions batting - Pitching for Springfield Cardinals : LHP Jorge Torrez
Now at 1B: Merlin Shaw
Now in RF: Jeff Lang
Batting: RHB Mike Mack 0-0: Ground out 6-3 (Groundball, 6, EV 106.3 MPH)
Batting: RHB Luis Vázquez 0-0: Called Strike
0-1: Ball
1-1: Ball
2-1: Foul Ball, location: 7LDF
2-2: Ground out 6-3 (Groundball, 6, EV 101.9 MPH)
Batting: RHB Tim James 0-0: Called Strike
0-1: Foul Ball, location: 3F
0-2: Ball
1-2: Ball
2-2: Foul Ball, location: 2F
2-2: Ball
3-2: Base on Balls
Pitching: LHP Rob Thompson
Batting: LHB Greg Greene 0-0: SINGLE (Line Drive, 34, EV 102.5 MPH)
Tim James to second
Batting: SHB Ignacio Archuleta 0-0: Ball
1-0: SINGLE (Flyball, 8RS, EV 90.0 MPH)
Tim James to third
Greg Greene to second
Runner from 3rd tries for Home, throw by CF and OUT! 8-2
Top of the 8th over - 0 runs, 2 hits, 0 errors, 2 left on base; San Antonio 6 - Springfield 4
BOTTOM OF THE 8TH
Springfield Cardinals batting - Pitching for San Antonio Missions : LHP Chris Battle
Pitching: RHP Kevin Horsfall
Batting: LHB Wilson Dampos 0-0: Ball
1-0: Fly out, F8 (Flyball, 8RD, EV 83.1 MPH)
Pinch Hitting: SHB Dusty Chambers 0-0: Ball
1-0: Foul Ball, location: 7LDF
1-1: Foul Ball, location: 2F
1-2: Foul Ball, location: 2F
1-2: Strikes out swinging
Batting: RHB Raúl Mora 0-0: Ball
1-0: Called Strike
1-1: Called Strike
1-2: Foul Ball, location: 3SF
1-2: Foul Ball, location: 9LDF
1-2: Ball
2-2: Ball
3-2: Base on Balls
Pinch Hitting: LHB Mario De La Cruz 0-0: Called Strike
0-1: Fly out, F5 (Popup, 5SF, EV 84.4 MPH)
Bottom of the 8th over - 0 runs, 0 hits, 0 errors, 1 left on base; San Antonio 6 - Springfield 4
TOP OF THE 9TH
San Antonio Missions batting - Pitching for Springfield Cardinals : LHP Rob Thompson
Now at SS: Jorge Martínez
Now in CF: Mario De La Cruz
Batting: RHB John Howatt 0-0: Called Strike
0-1: DOUBLE (Line Drive, 89D, EV 107.5 MPH)
Pinch Hitting: RHB Jorge Cabrera 0-0: Intentional Walk
Batting: LHB José Lucero 0-0: Called Strike
0-1: Foul Ball, location: 2F
0-2: Ball
1-2: Strikes out swinging
Batting: RHB Sergio Bautista 0-0: Ball
1-0: Ball
2-0: Ball
3-0: Foul Ball, location: 23F
3-1: Foul Ball, location: 3SF
3-2: Strikes out swinging
Batting: RHB Mike Mack 0-0: Foul Ball, location: 2F
0-1: Foul Ball, location: 5FF
0-2: Fielders Choice at 2nd, 6-4 (Groundball, 6, EV 92.5 MPH)
Top of the 9th over - 0 runs, 1 hit, 0 errors, 2 left on base; San Antonio 6 - Springfield 4
BOTTOM OF THE 9TH
Springfield Cardinals batting - Pitching for San Antonio Missions : RHP Kevin Horsfall
Pitching: RHP Jeff Kuhn
Now at C: Kakuzo Eida
Batting: RHB Mende Dodwell 0-0: Ball
1-0: Ball
2-0: Called Strike
2-1: DOUBLE (Line Drive, 5D, EV 95.6 MPH)
Pinch Hitting: LHB Héctor González 0-0: Ball
1-0: Called Strike
1-1: Called Strike
1-2: Foul Ball, location: 5F
1-2: Strikes out swinging
Batting: RHB Ronnie Watson 0-0: SINGLE (Groundball, 34S, EV 68.8 MPH) (infield hit)
Mende Dodwell to third
Pinch Hitting: LHB Juan Reyes 0-0: Ball
1-0: Ball
2-0: Foul Ball, location: 2RF
2-1: Foul Ball, location: 2F
2-2: Fly out, F8 (Flyball, 8LD, EV 98.1 MPH)
Batting: RHB Tony Vance 0-0: SINGLE (Line Drive, 7S, EV 105.0 MPH)
Mende Dodwell scores
Ronnie Watson to second
Runner from 2nd tries for 3rd, OUT! 7-5
Bottom of the 9th over - 1 run, 3 hits, 0 errors, 1 left on base; San Antonio 6 - Springfield 5
Monday, April 1st , 2024 - OOTP Baseball 24.10 Build 82